 Dungeon Crawl Stone Soup version 0.24-a0-307-gf989941d98 (webtiles) character file.

Game seed: 7805311801923449072

3262 Esekla the Conjurer (level 10, -7/65 HPs)
             Began as an Octopode Wizard on May 12, 2019.
             Mangled by a troll (11 damage)
             ... on level 8 of the Dungeon.
             The game lasted 01:17:13 (6075 turns).

Esekla the Conjurer (Octopode Wizard)               Turns: 6075, Time: 01:17:15

Health: -7/65      AC:  2    Str:  8    XL:     10   Next: 0%
Magic:  7/16       EV: 15    Int: 21    God:
Gold:   240        SH:  5    Dex: 12    Spells: 4/17 levels left

rFire    . . .     SeeInvis .   x - +4 dagger (venom)
rCold    . . .     Gourm    .   (no shield)
rNeg     . . .     Faith    .   a - +1 hat
rPois    +         Spirit   .   C - +5 amulet of reflection
rElec    .         Reflect  +   f - ring of poison resistance
rCorr    .         Harm     .   u - ring of protection from magic
MR       +....                  (no ring)
Stlth    ++++......             (no ring)
HPRegen  0.20/turn              (no ring)
MPRegen  0.15/turn              (no ring)
                                (no ring)
                                (no ring)

@: no status effects
A: almost no armour, stealthy swim, amphibious, 8 rings, constrict 8, camouflage
1, gelatinous body 1
a: no special abilities


You were on level 8 of the Dungeon.
You were not hungry.

You visited 2 branches of the dungeon, and saw 9 of its levels.

You collected 333 gold pieces.
You spent 93 gold pieces at shops.

Inventory:

Hand Weapons
 q - a +0 falchion of holy wrath
 x - a +4 dagger of venom (weapon)
 D - a +1 spear of venom
 I - a +2 dagger of venom
Missiles
 e - 6 javelins
 h - 13 boomerangs (quivered)
Armour
 a - a +1 hat (worn)
Jewellery
 b - an uncursed amulet of regeneration
 d - the ring "Koloaw" {rCorr rElec rC+}
   (You took it off an orc on level 4 of the Dungeon)

   [ring of resist corrosion]

   It protects you from cold.
   It insulates you from electricity.
 f - a ring of poison resistance (left tentacle)
 u - a ring of protection from magic (right tentacle)
 C - a +5 amulet of reflection (around mantle)
Wands
 w - a wand of flame (16)
 z - a wand of random effects (8)
Scrolls
 k - 2 scrolls of teleportation
 n - a scroll of remove curse
 o - a scroll of immolation
 s - a scroll of blinking
 y - a scroll of enchant armour
 F - a scroll of magic mapping
Potions
 g - a potion of magic {unknown}
 i - a potion of lignification
 j - 2 potions of brilliance
 m - a potion of mutation
 p - a potion of ambrosia {unknown}
 r - 2 potions of flight
 B - a potion of might
 E - a potion of resistance
 J - a potion of heal wounds
Comestibles
 c - 12 rations


   Skills:
 + Level 4.9 Fighting
 + Level 5.4(5.8) Short Blades
 + Level 3.2(4.7) Long Blades
 - Level 0.2 Polearms
 + Level 5.0 Dodging
 - Level 5.1 Stealth
 + Level 4.1 Spellcasting
 * Level 5.9 Conjurations
   Level 1.0 Summonings
 + Level 3.0 Translocations
 * Level 2.8 Fire Magic
 * Level 3.0 Air Magic
 * Level 3.5 Poison Magic


You had 4 spell levels left.
You knew the following spells:

 Your Spells              Type           Power        Failure   Level  Hunger
a - Magic Dart            Conj           ####         1%          1    None
b - Blink                 Tloc           N/A          4%          2    #......
c - Mephitic Cloud        Conj/Pois/Air  ###.....     6%          3    ###....
e - Sticky Flame          Conj/Fire      ###.....     21%         4    ####...
f - Conjure Flame         Conj/Fire      ###.....     6%          3    ###....

Your spell library contained the following spells:

 Spells                   Type           Power        Failure   Level  Hunger
 Flame Tongue             Conj/Fire      ###..        1%          1    None
 Throw Flame              Conj/Fire      ###...       3%          2    #......
 Gell's Gravitas          Tloc           ###.......   10%         3    ###....
 Confusing Touch          Hex            #.....       12%         1    None
 Call Imp                 Summ           #.......     12%         2    #......
 Slow                     Hex            #.......     19%         2    #......
 Inner Flame              Hex/Fire       ##......     21%         3    ###....
 Confuse                  Hex            #.......     34%         3    ###....
 Petrify                  Tmut/Erth      #.......     75%         4    ####...
 Fireball                 Conj/Fire      ###.......   50%         5    ######.
 Metabolic Englaciation   Hex/Ice        #.........   97%         5    ######.
 Yara's Violent Unravell  Hex/Tmut       #.........   97%         5    ######.


Dungeon Overview and Level Annotations

Branches:
Dungeon (8/15)             Temple (1/1) D:7
   Lair: D:8-11

Altars:
Ashenzari
Dithmenos
Elyvilon
Fedhas
Wu Jian
Xom
Zin

Shops:
D:6 *


Innate Abilities, Weirdness & Mutations

You cannot wear most types of armour.
You are very stealthy in the water. (Stealth+)
You are amphibious.
You can wear up to eight rings at the same time.
You can use your tentacles to constrict eight enemies at once.
Your skin changes colour to match your surroundings (Stealth+).
Your rubbery body absorbs attacks. (AC +1, EV +1)


Message History

You feel clever.
You closely miss the troll.
The troll is heavily wounded.
The troll bites you. The troll claws you. The troll barely misses you.
You hit the troll.
The troll looks as sick as possible!
You squeeze the troll.
The troll is severely wounded.
The troll bites you! The troll misses you. The troll barely misses you.
Casting: Magic Dart (safe; 1% risk of failure)
Confirm with . or Enter, or press ? or * to list all spells.
Aiming: Sticky Flame (slightly dangerous; 21% risk of failure)
Press: ? - help, Shift-Dir - straight line, f - troll
Aim: a troll (severely wounded, poisoned)
The sticky flame hits the troll.
The troll is severely wounded.
The troll is covered in liquid flames!
The troll burns!
The troll bites you.
* * * LOW HITPOINT WARNING * * *
The troll claws you!
* * * LOW HITPOINT WARNING * * *
The troll claws you!
You die...

..≈≈≈≈≈.....###.##.#
.hh≈≈≈≈.##..†.#.##.###
≈.≈≈≈≈≈.#####...##...###
≈;≈.≈≈≈###...<...###...#
≈≈≈≈... #..###†......#.#
≈≈≈o.≈.§..##
#..>###...### .≈o≈...###
##...# ##....## ...≈...
#.T.## ##H...# .. #@###
###.#.### #.# #...>...##
##.#######.........
#................##
##########.......#
#########


You could see a troll (burning).

Vanquished Creatures
  3 hippogriffs
  A hungry ghost (D:8)
  Duvessa (D:6)
  2 sky beasts
  2 ice beasts
  An orc warrior (D:7)
  A necrophage (D:8)
  3 ogres
  3 centaurs
  2 bullfrogs (D:6)
  Dowan (D:6)
  A water moccasin zombie (D:5)
  A water moccasin skeleton (D:5)
  2 scorpions
  An electric eel (D:7)
  2 howler monkeys (D:7)
  A crimson imp (D:8)
  2 bullfrog zombies (D:5)
  A centaur zombie (D:6)
  A quasit (D:5)
  A jelly (D:5)
  4 hounds
  4 orc wizards
  3 orc priests
  Crazy Yiuf (D:5)
  A bullfrog skeleton (D:7)
  2 iguanas
  3 worker ants
  2 hound zombies
  A hound skeleton (D:5)
  A worker ant zombie (D:5)
  4 gnolls (D:5)
  A howler monkey skeleton (D:5)
  8 adders
  A shadow imp (D:6)
  2 adder zombies (D:5)
  3 worms
  2 dart slugs
  2 leopard geckos
  32 orcs
  5 bats
  8 giant cockroaches
  7 goblins
  11 hobgoblins
  11 jackals
  9 kobolds
  3 quokkas
  4 frilled lizards
  A jackal skeleton (D:4)
  A jackal zombie (D:5)
  A leopard gecko zombie (D:6)
  A quokka skeleton (D:5)
  2 quokka zombies (D:5)
  5 rats
179 creatures vanquished.

Notes
Turn   | Place    | Note
-------+----------+-------------------------------------------
     0 | D:1      | Esekla the Octopode Wizard began the quest for the Orb.
     0 | D:1      | Reached XP level 1. HP: 11/11 MP: 4/4
   136 | D:1      | Reached XP level 2. HP: 13/17 MP: 3/6
   165 | D:1      | Learned a level 2 spell: Blink
   421 | D:1      | Reached XP level 3. HP: 21/21 MP: 3/7
   426 | D:1      | Learned a level 3 spell: Mephitic Cloud
   944 | D:3      | Reached XP level 4. HP: 24/27 MP: 6/8
   977 | D:3      | Reached skill level 1 in Air Magic
  1163 | D:2      | Reached skill level 1 in Poison Magic
  1659 | D:3      | Reached XP level 5. HP: 32/32 MP: 7/9
  1723 | D:3      | Reached skill level 1 in Short Blades
  1908 | D:4      | Noticed an ogre
  1946 | D:4      | Killed an ogre
  1946 | D:4      | Reached skill level 1 in Fighting
  1946 | D:4      | Reached XP level 6. HP: 38/38 MP: 2/10
  1956 | D:4      | Learned a level 3 spell: Conjure Flame
  2120 | D:4      | Reached skill level 1 in Long Blades
  2251 | D:4      | Identified the ring "Koloaw" {rCorr rElec rC+}
  2277 | D:4      | Reached skill level 1 in Fire Magic
  2317 | D:4      | Found a shadowy altar of Dithmenos.
  2491 | D:5      | Entered Level 5 of the Dungeon
  2508 | D:5      | Reached XP level 7. HP: 27/43 MP: 11/11
  3151 | D:5      | Found a runed translucent door.
  3152 | D:5      | Noticed Crazy Yiuf
  3162 | D:5      | Killed Crazy Yiuf
  3384 | D:6      | Reached XP level 8. HP: 34/51 MP: 13/13
  3773 | D:6      | Noticed Duvessa
  3774 | D:6      | Noticed Dowan
  3787 | D:6      | Killed Duvessa
  3789 | D:6      | Killed Dowan
  3924 | D:6      | Found a white marble altar of Elyvilon.
  4019 | D:6      | Found Zearreed's Assorted Antiques.
  4130 | D:6      | Bought a scroll labeled ETIB UFAST for 31 gold pieces
  4130 | D:6      | Bought a scroll labeled TAICSO KESCHOPN for 31 gold pieces
  4130 | D:6      | Bought a scroll labeled YHUANUTAUTZ for 31 gold pieces
  4654 | D:7      | Reached XP level 9. HP: 32/57 MP: 14/14
  4743 | D:7      | Found a staircase to the Ecumenical Temple.
  4749 | Temple   | Entered the Ecumenical Temple
  4850 | D:7      | Reached skill level 5 in Stealth
  5058 | D:7      | Reached skill level 5 in Conjurations
  5538 | D:7      | Reached skill level 5 in Short Blades
  5740 | D:6      | Learned a level 4 spell: Sticky Flame
  5995 | D:8      | Reached skill level 5 in Dodging
  6050 | D:8      | Noticed a troll
  6071 | D:8      | Reached XP level 10. HP: 39/65 MP: 10/16
  6075 | D:8      | Mangled by a troll

Levels and vault maps discovered:
D:1:      lightli_arrival_boilingwater, layout_loops_ring,
          palyth_stone_intersect, kennysheep_crisscross
D:2:      layout_basic, first_ration, minmay_misc_feat_chi, nrook_uturn
D:3:      layout_loops_cross
D:4:      layout_gridville, minmay_ruined_shrine
D:5:      layout_loops_ring, serial_undead, serial_undead_d, serial_undead_d,
          serial_undead_a, serial_undead_a, serial_undead_b,
          minmay_parallelograms, uniq_crazy_yiuf_cottage
D:6:      layout_loops_corners, elyvilon_altar_3, serial_shops, shop,
          uniq_duvessa
D:7:      wad_river_or_something, layout_basic, minmay_temple_entry_nine_rooms,
          grunt_ogre_cave, chequers_serial_rivers_small_3
D:8:      layout_rooms, erik_lair_island
Temple:   nicolae_temple_the_god_donut

Skill      XL: |  1  2  3  4  5  6  7  8  9 |
---------------+----------------------------+-----
Conjurations   | 2 3 4 5 |  5.9
Air Magic      | 1 2 3 |  3.0
Poison Magic   | 1 2 3 |  3.5
Short Blades   | 1 2 3 5 |  5.4
Dodging        | 3 4 5 |  5.0
Fighting       | 1 2 3 4 |  4.9
Long Blades    | 1 2 3 |  3.2
Translocations | 2 3 |  3.0
Fire Magic     | 1 2 |  2.8
Stealth        | 3 4 5 |  5.1
Spellcasting   | 4 |  4.1
Polearms       | |  0.2
Summonings     | |  1.0

Action                   |  1- 3 |  4- 6 |  7- 9 | 10-12 || total
-------------------------+-------+-------+-------+-------++-------
Melee: Dagger            |    97 |    74 |   186 |     2 ||   359
       Constrict         |    21 |    26 |    60 |       ||   107
       Tentacles         |     7 |    19 |    44 |     1 ||    71
       Falchion          |       |    37 |    69 |       ||   106
       Trident           |       |     9 |       |       ||     9
       Spear             |       |       |    10 |       ||    10
Throw: Boomerang         |     2 |     5 |     2 |       ||     9
 Cast: Magic Dart        |    29 |    33 |    39 |       ||   101
       Mephitic Cloud    |       |     5 |     5 |       ||    10
       Conjure Flame     |       |     1 |     4 |       ||     5
       Blink             |       |       |     2 |       ||     2
       Sticky Flame      |       |       |     1 |     1 ||     2
  Use: Scroll            |       |       |    21 |       ||    21
       Potion            |       |       |     2 |       ||     2
 Stab: Sleeping          |     5 |    12 |    11 |       ||    28
       Confused          |       |     2 |       |       ||     2
       Distracted        |       |       |     3 |       ||     3
  Eat: Ration            |       |     2 |     4 |       ||     6
Armor: Skin              |     9 |     3 |    10 |       ||    22
Dodge: Dodged            |    63 |    56 |   126 |     3 ||   248
Block: Other             |       |       |    24 |       ||    24
       Reflection        |       |       |     1 |       ||     1
       Rpst.: Falchion   |       |     6 |    12 |       ||    18

Table legend:
 A = Non-vault XP
 B = Vault XP
 C = Vault XP percentage of total XP
 D = Non-vault monster count
 E = Vault monster count
 F = Vault count percentage of total count
                 A         B        C        D         E       F
            +---------+---------+-------+---------+---------+-------
      Total |    3319 |    1342 |  28.8 |     149 |      30 |  16.8
            +---------+---------+-------+---------+---------+-------
        D:1 |      41 |       0 |   0.0 |      22 |       0 |   0.0
        D:2 |      46 |       0 |   0.0 |      20 |       0 |   0.0
        D:3 |     120 |       0 |   0.0 |      22 |       0 |   0.0
        D:4 |     323 |      64 |  16.5 |      17 |       6 |  26.1
        D:5 |     188 |     359 |  65.6 |      14 |      15 |  51.7
        D:6 |     904 |     198 |  18.0 |      23 |       2 |   8.0
        D:7 |     790 |     721 |  47.7 |      24 |       7 |  22.6
        D:8 |     907 |       0 |   0.0 |       7 |       0 |   0.0
            +---------+---------+-------+---------+---------+-------
